 Dungeon Crawl Stone Soup version 0.26.0-18-gc5c842f807 (webtiles) character file.

Game seed: 1754446888890107142

34 thiole the Magician (level 3, -1/21 HPs)
             Began as an Octopode Hedge Wizard on Jan 23, 2021.
             Slain by a rat (2 damage)
             ... on level 2 of the Dungeon.
             The game lasted 00:01:36 (1013 turns).

thiole the Magician (Octopode Hedge Wizard)         Turns: 1013, Time: 00:01:37

Health: -1/21      AC:  1    Str:  9    XL:     3   Next: 31%
Magic:  1/7        EV: 13    Int: 17    God:
Gold:   63         SH:  0    Dex: 11    Spells: 7/8 levels left

rFire    + . .     SeeInvis .   a - +0 dagger
rCold    + . .     Faith    .   (no shield)
rNeg     . . .     Spirit   .   b - +0 hat
rPois    +         Reflect  .   (no amulet)
rElec    +         Harm     .   (no ring)
rCorr    +         Rampage  .   (no ring)
Will     .....                  (no ring)
Stlth    +++.......             (no ring)
HPRegen  0.07/turn              (no ring)
MPRegen  0.10/turn              (no ring)
                                (no ring)
                                (no ring)

@: lethally poisoned (-1 -> -5), resistant
A: almost no armour, stealthy swim, amphibious, 8 rings, constrict 8, camouflage
1, gelatinous body 1
a: no special abilities


You were on level 2 of the Dungeon.
You visited 1 branch of the dungeon, and saw 2 of its levels.

You collected 63 gold pieces.

Inventory:

Hand Weapons
 a - a +0 dagger (weapon)
Armour
 b - a +0 hat (worn)
Scrolls
 c - 3 scrolls of identify {unknown}
 e - a scroll of blinking {unknown}


   Skills:
 - Level 2.0 Dodging
 + Level 3.2 Stealth
 + Level 3.2 Spellcasting
 * Level 1.8 Conjurations
 * Level 1.9 Summonings
 - Level 1.0 Translocations


You had 7 spell levels left.
You knew the following spells:

 Your Spells              Type           Power        Failure   Level
a - Magic Dart            Conj           32%          9%          1

Your spell library contained the following spells:

 Spells                   Type           Power        Failure   Level
 Call Imp                 Summ           9%           12%         2
 Blink                    Tloc           N/A          17%         2
 Slow                     Hex            2%           26%         2
 Conjure Flame            Conj/Fire      5%           34%         3
 Mephitic Cloud           Conj/Pois/Air  4%           38%         3


Dungeon Overview and Level Annotations

Branches:
Dungeon (2/15)

Altars:


Innate Abilities, Weirdness & Mutations

You cannot wear most types of armour.
You are very stealthy in the water. (Stealth+)
You are amphibious.
You can wear up to eight rings at the same time.
You can use your tentacles to constrict eight enemies at once.
Your skin changes colour to match your surroundings (Stealth+).
Your rubbery body absorbs attacks. (AC +1, EV +1)


Message History

You feel sick. The adder bites you.
It was a potion of cancellation.
You feel magically purged. The adder bites you.
You miss the adder. Your grab misses the adder. Your squeeze misses the adder.
The adder is heavily wounded.
* * * LOW HITPOINT WARNING * * *
You feel sick. The adder barely misses you.
You hit the adder. You grab the adder.
The adder is almost dead.
You constrict the adder. The adder barely misses you. The adder bites you.
* * * LOW HITPOINT WARNING * * *
You hit the adder.
You kill the adder!
* * * LOW HITPOINT WARNING * * *
You feel sick.
It was a potion of resistance.
You feel protected. The rat closely misses you.
You barely miss the rat. Your grab misses the rat. The rat bites you.
You die...

### ..# #.# #.#
#..####.###
......r...#
#@#.# ###.#.#
#.....#
####..#..#
+.....#..#####.
####...........
####+##..#####
#..[..#..#
#.....#..#


You could see a rat.

Vanquished Creatures
  An adder (D:2)
  A leopard gecko (D:1)
  A giant cockroach (D:2)
  3 goblins (D:1)
  5 hobgoblins (D:1)
  4 jackals (D:1)
  3 bats (D:1)
  A frilled lizard (D:2)
  4 rats (D:1)
23 creatures vanquished.

Notes
Turn   | Place    | Note
-------+----------+-------------------------------------------
     0 | D:1      | thiole the Octopode Hedge Wizard began the quest for the
                  | Orb.
     0 | D:1      | Reached XP level 1. HP: 11/11 MP: 4/4
   177 | D:1      | Reached XP level 2. HP: 17/17 MP: 3/6
   910 | D:2      | Reached XP level 3. HP: 21/21 MP: 4/7
  1011 | D:2      | HP: 1/21 [poisoned by an adder]
  1013 | D:2      | Slain by a rat

Illustrated notes

Levels and vault maps discovered:
D:1:      dpeg_arrival_court, layout_rooms
D:2:      layout_basic

Skill      XL: |  1  2 |
---------------+-------+-----
Stealth        | 3 |  3.2
Dodging        | |  2.0
Spellcasting   | |  3.2
Conjurations   | |  1.8
Summonings     | |  1.9
Translocations | |  1.0

Action                   || total
-------------------------++-------
Melee: Dagger            ||    19
       Tentacles         ||     3
       Constrict         ||     3
 Cast: Magic Dart        ||    57
  Use: Potion            ||     2
Armor: Skin              ||     2
Dodge: Dodged            ||    24
